AoeStats
← lokigr13

Nomad

509466334Analyzed
4v4 RM · 6d ago on Sep 26, 2026· 49m 37s· 8 players
Game mode
Random Map
Map size
231×231
Population
200
Speed
Normal
Resources
Standard
Victory
Conquest
Starting age
Dark Age
Ending age
Imperial Age
RankedLock teamsTeams togetherTeam positionsShared explorationLock speedFull tech treeHidden civsTurbo modeCheats
Victory
Defeat
🇵🇪 Danes · Peru
866
+15
🇦🇷 Gurjaras · Argentina
860
+15
🇬🇷 Vietnamese · Greece
794
+18
🇬🇷 Huns · Greece
787
+19
🇬🇧 Cumans · United Kingdom
863
-18
🇫🇷 Portuguese · France
863
-23
🇪🇸 Varangians · Spain
836
-16
🇳🇱 Spanish · Netherlands
805
-39
Harvey_Specter
16:13 Feudal Age
17:46 Fishing Lines
21:17 Castle Age
20:26 Double-Bit Axe
22:22 Gillnets
22:48 Bow Saw
24:03 Scale Mail Armor
26:06 Scale Barding Armor
26:22 Husbandry
26:33 Bloodlines
31:26 Chain Barding Armor
Paribust
15:15 Feudal Age
17:06 Fishing Lines
19:48 Bloodlines
20:05 Double-Bit Axe
20:28 Scale Barding Armor
20:34 Forging
26:38 Castle Age
25:01 Horse Collar
27:23 Fletching
28:27 Chain Barding Armor
28:03 Bodkin Arrow
29:31 Husbandry
28:52 Light Cavalry
31:02 Bow Saw
31:50 Gillnets
43:34 Town Watch
50:17 Imperial Age
Pudgwes
12:53 Loom
18:41 Feudal Age
19:10 Town Watch
Miss Priss
17:59 Feudal Age
18:22 Loom
24:21 Wheelbarrow
28:35 Town Watch
Yggdrasil
5:52 Loom
17:48 Feudal Age
18:21 Double-Bit Axe
18:25 Town Watch
18:33 Gold Mining
18:39 Fishing Lines
20:42 Wheelbarrow
26:37 Castle Age
24:42 Arson
25:09 Man-at-Arms
26:02 Stone Mining
27:17 Gambesons
27:32 Squires
27:50 Forging
27:42 Scale Mail Armor
28:05 Bow Saw
28:33 Gold Shaft Mining
30:18 Town Patrol
32:26 Gillnets
33:14 Iron Casting
32:56 Chain Mail Armor
32:36 Fletching
33:03 Hand Cart
32:50 Pikeman
34:17 Stone Shaft Mining
35:16 Bodkin Arrow
34:44 Long Swordsman
35:44 Medium Warships
37:06 Scale Barding Armor
41:08 Imperial Age
39:18 Hamask
42:43 Conscription
41:52 Capped Ram
42:04 Onager
42:51 Siege Ram
44:41 Blast Furnace
44:11 Plate Mail Armor
43:27 Elite Varangian Guard
44:36 Halberdier
47:12 Siege Engineers
48:09 Chemistry
47:30 Ballistics
48:36 Northmen's Fury
vainamoinen_
10:01 Loom
17:12 Feudal Age
19:19 Padded Archer Armor
19:14 Fletching
22:37 Castle Age
22:29 Double-Bit Axe
25:25 Thumb Ring
25:25 Crossbowman
30:48 Bodkin Arrow
34:58 Ballistics
35:00 Leather Archer Armor
44:38 Imperial Age
47:52 Ring Archer Armor
47:25 Bracer
48:28 Chemistry
lokigr13
16:56 Feudal Age
17:16 Loom
22:43 Castle Age
20:55 Fishing Lines
29:50 Wheelbarrow
33:21 Forging
33:16 Scale Barding Armor
39:25 Gillnets
48:31 Imperial Age
47:20 Hand Cart
48:02 Marauders
49:43 Iron Casting
49:29 Chain Barding Armor
49:15 Husbandry
48:57 Elite Tarkan
49:58 Conscription
nachomoroni
14:46 Feudal Age
17:23 Double-Bit Axe
21:10 Fletching
28:20 Castle Age
29:20 Crossbowman
30:05 Thumb Ring
36:13 Bow Saw
38:18 Bodkin Arrow
38:26 Scale Mail Armor
38:26 Padded Archer Armor
41:21 Forging
41:26 Chain Mail Armor
41:12 Padded Archer Armor
45:07 Imperial Age
46:26 Conscription
Connection lost

Rejoining the realm…

Still unreachable

The connection could not be restored.

Session expired

The server has moved on; the page needs a fresh start.